 Dungeon Crawl Stone Soup version 0.19-a0-1815-g4007336 (webtiles) character file.

5 Amnesiac the Magician (level 1, -4/13 HPs)
             Began as a Mummy Wizard on Oct 5, 2016.
             Slain by a leopard gecko (5 damage)
             ... on level 1 of the Dungeon.
             The game lasted 00:00:39 (185 turns).

Amnesiac the Magician (Mummy Wizard)                 Turns: 185, Time: 00:00:39

Health: -4/13      AC:  2    Str: 10    XL:     1   Next: 66%
Magic:  1/4        EV: 12    Int: 17    God:
Gold:   0          SH:  0    Dex: 10    Spells: 1 memorised, 5 levels left

rFire  x . .     SeeInvis .     e - +0 short sword
rCold  + . .     Gourm    .     a - +0 robe
rNeg   + + +     Faith    .     (no shield)
rPois  ∞         Spirit   .     b - +0 hat
rElec  .         Dismiss  .     (no cloak)
rCorr  .         Reflect  .     (no gloves)
MR     .....     Harm     .     (no boots)
Stlth  ++........               (no amulet)
                                (no ring)
                                (no ring)

@: very slightly contaminated
A: no food or potions, fire vulnerability, cold resistance 1, negative energy
resistance 3, torment resistance, unbreathing
a: no special abilities


You were on level 1 of the Dungeon.
You were not hungry.

You visited 1 branch of the dungeon, and saw 1 of its levels.

Inventory:

Hand Weapons
 e - a +0 short sword (weapon)
Armour
 a - a +0 robe (worn)
 b - a +0 hat (worn)
Scrolls
 d - a scroll of teleportation {unknown}
 f - a scroll of remove curse {unknown}
Books
 c - a book of Minor Magic

   Spells                             Type                      Level
   a - Magic Dart                     Conjuration                  1
   b - Blink                          Translocation                2
   c - Call Imp                       Summoning                    2
   d - Repel Missiles                 Charms/Air                   2
   e - Slow                           Hexes                        2
   f - Conjure Flame                  Conjuration/Fire             3
   g - Mephitic Cloud                 Conjuration/Poison/Air       3


   Skills:
 - Level 1.5 Dodging
 - Level 1.5 Stealth
 - Level 3.0 Spellcasting
 + Level 1.4 Conjurations
   Level 0.7 Summonings
   Level 0.7 Translocations


You had 5 spell levels left.
You knew the following spells:

 Your Spells              Type           Power        Failure   Level  Hunger
f - Magic Dart            Conj           #...         12%         1    N/A

Dungeon Overview and Level Annotations

Branches:
Dungeon (1/15)

Altars:


Innate Abilities, Weirdness & Mutations

You do not eat or drink.
Your flesh is vulnerable to fire.
You are immune to poison.
Your flesh is cold resistant. (rC+)
You are immune to negative energy. (rN+++)
You are immune to unholy pain and torment.
You can survive without breathing.


Message History

You don't have enough magic to cast that spell.
You hit the leopard gecko but do no damage.
The leopard gecko is moderately wounded.
The leopard gecko bites you.
* * * LOW HITPOINT WARNING * * *
The leopard gecko barely misses you.
Casting: Magic Dart
Confirm with . or Enter, or press ? or * to list all spells.
You don't have enough magic to cast that spell.
You closely miss the leopard gecko.
The leopard gecko is moderately wounded.
The leopard gecko bites you but does no damage.
You barely miss the leopard gecko.
The leopard gecko is moderately wounded.
The leopard gecko bites you.
* * * LOW HITPOINT WARNING * * *
You closely miss the leopard gecko.
The leopard gecko is moderately wounded.
The leopard gecko misses you. The leopard gecko bites you.
You die...

## .# #. .# ##. .## #
.. .. ## #.#.#.#####
...#.#...#...#.
.......l.....>. #...@.#
#########..# .
...........# .. #
......##...#... #..#
.####.##...#.###
#..####+## #.#.........
.........# #.#.....####
#...#....# #.#.........
....#....###.#.........


You could see a leopard gecko.

Vanquished Creatures
  2 leopard geckos (D:1)
  A kobold (D:1)
3 creatures vanquished.

Vanquished Creatures (others)
  A bat (D:1)
1 creature vanquished.

Grand Total: 4 creatures vanquished

Notes
Turn   | Place    | Note
-------+----------+-------------------------------------------
     0 | D:1      | Amnesiac the Mummy Wizard began the quest for the Orb.
     0 | D:1      | Reached XP level 1. HP: 13/13 MP: 4/4
    27 | D:1      | Reached skill level 1 in Conjurations
   185 | D:1      | Slain by a leopard gecko

Vault maps used:
D:1:      dpeg_arrival_radiant, lemuel_flame_loot_1

Skill      XL: |  1 |
---------------+----+-----
Conjurations   | 1 |  1.4
Dodging        | |  1.5
Stealth        | |  1.5
Spellcasting   | |  3.0
Summonings     | |  0.7
Translocations | |  0.7

Action                   || total
-------------------------++-------
Melee: Unarmed           ||     7
       Short sword       ||     6
 Cast: Magic Dart        ||     9
Armor: Robe              ||     1
Dodge: Dodged            ||     8
